 Dungeon Crawl Stone Soup version 0.28-a0-1555-g9ae15a6949 (webtiles) character file.

Game seed: 6263501464889015246

99677 DrKleor the Brawler (level 15, 0/132 HPs)
             Began as a Demonspawn Fighter on Jan 18, 2022.
             Was the Champion of Okawaru.
             Shot with an arrow by a centaur warrior (2 damage)
             ... on level 15 of the Dungeon.
             The game lasted 01:15:18 (36359 turns).

DrKleor the Brawler (Demonspawn Fighter)           Turns: 36359, Time: 01:15:18

Health: 0/132      AC: 38    Str: 23    XL:     15   Next: 78%
Magic:  0/22       EV:  7    Int: 11    God:    Okawaru [******]
Gold:   1884       SH:  5    Dex: 20    Spells: 14/14 levels left

rFire   + . .      SeeInvis .     - Unarmed
rCold   . . .      Faith    .   c - +0 buckler
rNeg    + + .      Spirit   +   b - +3 plate armour of the Saviour {Int+2}
rPois   .          Reflect  .   O - +2 hat {Will+}
rElec   .          Harm     .   C - +1 cloak {rCorr}
rCorr   +          Rampage  .   (gloves unavailable)
Will    ++...                   s - +2 pair of boots
Stlth   ..........              Q - amulet "Ydipn" {Spirit rN++}
HPRegen 0.32/turn               k - +6 ring of dexterity
MPRegen 0.18/turn               u - ring of protection from fire

@: sanguine armoured, studying Fighting
A: claws 3, foul stench 3, spiny 1, sanguine armour 3
a: Renounce Religion, Heroism, Finesse, Duel


You were on level 15 of the Dungeon.
You worshipped Okawaru.
Okawaru was exalted by your worship.
You visited 4 branches of the dungeon, and saw 24 of its levels.
You visited 1 bazaar.
You also visited: Ossuary, Bailey and Gauntlet.

You collected 2469 gold pieces.
You spent 585 gold pieces at shops.

Inventory:

Hand Weapons
 P - a +1 scimitar of flaming
Missiles
 M - 2 silver javelins (quivered)
 R - a throwing net
Armour
 b - the +3 plate armour of the Saviour (worn) {Int+2}
   (Okawaru gifted it to you on level 11 of the Dungeon)

   Int:       It affects your intelligence (+2).
 c - a +0 buckler (worn)
 s - a +2 pair of boots (worn)
 C - a +1 cloak of preservation (worn)
 E - the +2 hat "Wadux" {rElec Str+2}
   (Okawaru gifted it to you on level 3 of the Lair of Beasts)

   Str:       It affects your strength (+2).
   rElec:     It insulates you from electricity.
 I - a scarf of invisibility
 O - a +2 hat of willpower (worn)
Jewellery
 k - a +6 ring of dexterity (left claw)
 u - a ring of protection from fire (right claw)
 H - a ring of protection from fire
 L - a ring of flight
 Q - the amulet "Ydipn" (around neck) {Spirit rN++}
   (You found it in a Gauntlet)

   [amulet of guardian spirit]

   It causes incoming damage to be divided between your reserves of health and
   magic.
   rN:        It greatly protects you from negative energy.
Wands
 n - a wand of polymorph (6)
 p - a wand of flame (10)
 x - a wand of iceblast (12)
 F - a wand of digging (4)
 J - a wand of mindburst (8)
 U - a wand of paralysis (6)
Scrolls
 f - 10 scrolls of teleportation
 g - 3 scrolls of silence
 h - 5 scrolls of amnesia
 i - 5 scrolls of magic mapping
 j - 2 scrolls of summoning
 l - 3 scrolls of fog
 m - 2 scrolls of holy word
 v - 3 scrolls of blinking
 w - 5 scrolls of identify
 y - 6 scrolls of fear
 z - 4 scrolls of enchant armour
 B - a scroll of brand weapon
 G - 3 scrolls of enchant weapon
Potions
 a - a potion of might
 d - 5 potions of flight
 e - 5 potions of haste
 o - 2 potions of brilliance
 q - a potion of mutation
 r - 7 potions of curing
 t - 4 potions of resistance
 A - 3 potions of magic
 D - 2 potions of heal wounds
 K - 3 potions of cancellation
 N - 2 potions of lignification
 S - 2 potions of ambrosia
 T - a potion of attraction


   Skills:
 + Level 16.5 Fighting
 - Level 2.0 Maces & Flails
 + Level 11.7 Armour
 - Level 2.8 Shields
 * Level 18.4 Unarmed Combat
 - Level 10.2 Invocations


You had 14 spell levels left.
You didn't know any spells.
Your spell library contained the following spells:

 Spells                   Type           Power      Damage    Failure   Level
 Beastly Appendage        Tmut           0%         N/A       99%         1
 Foxfire                  Conj/Fire      0%         2x1d4     99%         1
 Magic Dart               Conj           0%         1d3       99%         1
 Blink                    Tloc           0%         N/A       100%        2
 Ensorcelled Hibernation  Hex/Ice        0%         N/A       100%        2
 Passwall                 Tmut/Erth      0%         N/A       100%        2
 Scorch                   Fire           0%         2d5       100%        2
 Static Discharge         Conj/Air       0%         N/A       100%        2
 Wereblood                Tmut           0%         N/A       100%        2
 Confusing Touch          Hex            0%         N/A       100%        3
 Conjure Flame            Conj/Fire      0%         6-21      100%        3
 Inner Flame              Hex/Fire       0%         N/A       100%        3
 Lesser Beckoning         Tloc           0%         N/A       100%        3
 Mephitic Cloud           Conj/Pois/Air  0%         N/A       100%        3
 Ozocubu's Armour         Ice            0%         N/A       100%        3
 Spider Form              Tmut/Pois      0%         N/A       100%        3
 Swiftness                Air            0%         N/A       100%        3
 Anguish                  Hex/Necr       0%         N/A       100%        4
 Dispel Undead            Necr           0%         3d6       100%        4
 Flame Wave               Conj/Fire      0%         2d4       100%        4
 Fulminant Prism          Conj/Hex       0%         3d6       100%        4
 Petrify                  Tmut/Erth      0%         N/A       100%        4
 Sticky Flame             Conj/Fire      0%         2d3       100%        4
 Manifold Assault         Tloc           0%         N/A       100%        5
 Metabolic Englaciation   Hex/Ice        0%         N/A       100%        5
 Silence                  Hex/Air        0%         N/A       100%        5
 Eringya's Noxious Bog    Tmut/Pois      0%         N/A       100%        6
 Statue Form              Tmut/Erth      0%         N/A       100%        6
 Enfeeble                 Hex            0%         N/A       100%        7
 Storm Form               Tmut/Air       0%         N/A       100%        7
 Call Imp                 Summ           Unusable   N/A       N/A         2
 Tukima's Dance           Hex            Unusable   N/A       N/A         3
 Summon Forest            Summ/Tloc      Unusable   N/A       N/A         5
 Simulacrum               Ice/Necr       Unusable   N/A       N/A         6
 Summon Cactus Giant      Summ           Unusable   N/A       N/A         6
 Summon Hydra             Summ           Unusable   N/A       N/A         7

Dungeon Overview and Level Annotations

Branches:
Dungeon (15/15)            Temple (1/1) D:4            Lair (6/6) D:10
  Swamp (0/4) Lair:2        Snake (0/4) Lair:4        Slime (0/5) Lair:6
    Orc (2/2) D:10            Elf (0/3) Orc:2        Vaults (0/5) D:14
 Depths (0/4) D:15        Ossuary (visited)          Bailey (visited)
Gauntlet (visited)

Altars:
Ashenzari
Cheibriados
Dithmenos
Elyvilon
Fedhas
Gozag
Hepliaklqana
Kikubaaqudgha
Makhleb
Nemelex Xobeh
Okawaru
Qazlal
Ru
Sif Muna
Trog
Uskayaw
Vehumet
Wu Jian
Xom
Yredelemnul
Zin
The Shining One
Beogh
Jiyva

Shops:
D:1 (   D:11 =   Orc:2 (?*(*

Annotations:
D:14 3 runed translucent doors, HallandMoats's ghost, journeyman DsFi
Orc:2 3 runed translucent doors, exclusion: obsidian statue, fragbeetle's ghost, adept DrTm


Innate Abilities, Weirdness & Mutations

You have claws for hands.
You frequently emit foul miasma when damaged in melee.
You are partially covered in sharp spines.
When seriously injured, your blood forms very thick armour. (AC +12)


Message History

Flotson's ghost is severely damaged.
Flotson's ghost hits you but does no damage.
You scratch flotson's ghost.
Flotson's ghost is severely damaged.
Flotson's ghost hits you!!
You claw flotson's ghost!
Flotson's ghost is severely damaged.
You completely miss flotson's ghost.
Flotson's ghost is severely damaged.
You block flotson's ghost's attack.
You mangle flotson's ghost!!
Flotson's ghost is almost destroyed.
You block flotson's ghost's attack.
You closely miss flotson's ghost.
Flotson's ghost is almost destroyed.
You scratch flotson's ghost but do no damage.
Flotson's ghost is almost destroyed.
You block flotson's ghost's attack.
You closely miss flotson's ghost.
Flotson's ghost is almost destroyed.
You block flotson's ghost's attack.
You mangle flotson's ghost!!
You destroy flotson's ghost!
Okawaru accepts your kill.
The centaur warrior shoots an arrow.
The arrow hits you!
* * * LOW HITPOINT WARNING * * *
The manticore flicks its tail.
The volley of spikes hits you but does no damage.
Okay, then.
The death knight's dark mirror aura disappears.
The centaur warrior shoots an arrow.
The arrow hits you!
* * * LOW HITPOINT WARNING * * *
The centaur warrior shoots an arrow.
The arrow hits you.
* * * LOW HITPOINT WARNING * * *
The centaur warrior shoots an arrow.
The arrow hits you!
* * * LOW HITPOINT WARNING * * *
The centaur warrior shoots an arrow.
The arrow hits you!
* * * LOW HITPOINT WARNING * * *
The centaur warrior shoots an arrow.
The arrow hits you.
You die...

....#.#...#..##...##...##.'......
#'###.#...'..##...##...##.####...
...##.#...#..##........##....#...
##'##.#...#..##...#######....#.!.
#...#.#...#..##............###...
..#.#.#...#..###.#########.......
..#.#.#...#..###.#..#c#WW#.....#.
..#.#.#...#......##.WW?.##.......
#...#.#####..###@#.#...# #..###..
#...####.##..#...#..##.###..# #.#
#......#.##..#...#.#.....#..# #..
#....#.#.##..#..c#.#..##.#.## #..
#.#..#.#.##..'..H#.Z.....#.# #.#
#.#....#.##..#..p###'''###.####..
#.#....#.##).###..(H.............
#......#.##..# ####.#..........##
#....#.'.###### #..............


You could see a death knight, a centaur warrior and a manticore.

Vanquished Creatures
  Rupert (Lair:3)
  Gastronok (D:10)
  A fire giant (D:15)
  The ghost of flotson the Fighter, a journeyman DsGl of Gozag (D:15)
  2 minotaurs
  Nessos (Lair:5)
  Josephine (Lair:5)
  4 vault guards (D:14)
  An ice dragon (Lair:6)
  5 boulder beetles
  7 hydras
  7 two-headed ogres
  Erica (D:10)
  2 centaur warriors
  An anaconda (Lair:5)
  10 death yaks
  Sonja (Lair:1)
  2 wizards (D:14)
  A necromancer (D:10)
  An orc knight (Orc:2)
  2 lindwurms (Lair:6)
  4 deep elf pyromancers
  7 orc sorcerers (Orc:2)
  4 ugly things (D:15)
  6 cyclopes
  A will-o-the-wisp (Lair:2)
  8 elephants
  A black mamba (Lair:6)
  A manticore (shapeshifter) (D:13)
  2 manticores
  An apocalypse crab (Gauntlet)
  6 torpor snails
  6 yaktaurs
  An efreet (D:15)
  12 cane toads
  A komodo dragon (shapeshifter) (D:15)
  2 minotaur zombies (Gauntlet)
  4 rime drakes
  2 tengu conjurers (D:15)
  10 komodo dragons
  A kobold demonologist (D:13)
  A polar bear (Lair:1)
  7 meliai
  7 trolls
  4 tyrant leeches (Lair:6)
  8 hornets (Lair:6)
  19 blink frogs
  8 slime creatures
  2 meliai zombies
  8 spriggans
  A shadow (D:11)
  4 centaur simulacra
  8 wraiths
  Grum (D:10)
  5 basilisks
  57 yaks
  3 steam dragons
  8 wyverns
  6 vampire mosquitoes
  Menkaure (D:7)
  8 wargs (Orc:2)
  A hydra simulacrum (Gauntlet)
  19 water moccasins
  3 acid dragons
  A naga (Lair:4)
  Duvessa (D:6)
  8 black bears
  13 orc warriors
  2 hornet zombies
  2 ice beasts (D:7)
  9 ogres
  37 wolves
  3 necrophages (D:7)
  5 centaurs
  A kobold brigand (D:10)
  12 bullfrogs
  A wyvern zombie (D:7)
  4 scorpions
  Dowan (D:6)
  2 water moccasin skeletons (D:4)
  4 killer bees (D:9)
  14 wights
  7 electric eels
  4 howler monkeys
  8 centaur zombies
  3 bullfrog zombies (Ossuary)
  4 jellies
  10 orc priests
  3 hounds
  3 iguanas
  16 mummies
  Natasha (thrice) (D:3)
  42 orc wizards
  2 polar bear simulacra (D:10)
  2 yak simulacra (D:10)
  6 killer bee zombies
  5 wolf simulacra (D:10)
  4 howler monkey zombies
  A howler monkey skeleton (D:7)
  8 gnolls
  9 adders
  2 white imps (D:6)
  An ufetubus (D:3)
  2 adder skeletons
  4 worms
  A dart slug (D:2)
  86 orcs
  5 endoplasms
  5 giant cockroaches
  7 goblins
  10 hobgoblins
  2 quokkas
  7 ball pythons
  7 bats
  A frilled lizard (D:1)
  9 kobolds
  12 rats
  2 river rat simulacra (D:10)
745 creatures vanquished.

Vanquished Creatures (others)
  An orc wizard (D:5)
  An orc (D:5)
  2 foxfires (Lair:2)
  34 fungi
  53 plants
  14 withered plants
105 creatures vanquished.

Grand Total: 850 creatures vanquished

Notes
Turn   | Place    | Note
-------+----------+-------------------------------------------
     0 | D:1      | DrKleor the Demonspawn Fighter began the quest for the Orb.
     0 | D:1      | Reached XP level 1. HP: 18/18 MP: 1/1
   221 | D:1      | Found Wunabb's Weapon Emporium.
   255 | D:1      | Gained mutation: You have sharp fingernails. [demonic
                  | ancestry]
   255 | D:1      | Reached XP level 2. HP: 24/24 MP: 2/2
   496 | D:1      | Reached skill level 1 in Unarmed Combat
   855 | D:1      | Gained mutation: When seriously injured, your blood forms
                  | armour. (AC +12) [demonic ancestry]
   855 | D:1      | Reached XP level 3. HP: 29/29 MP: 3/3
  1256 | D:2      | Gained mutation: When seriously injured, your blood forms
                  | thick armour. (AC +12) [demonic ancestry]
  1256 | D:2      | Reached XP level 4. HP: 23/35 MP: 4/4
  1258 | D:2      | Reached skill level 2 in Unarmed Combat
  2372 | D:3      | Gained mutation: You have very sharp fingernails. [demonic
                  | ancestry]
  2372 | D:3      | Reached XP level 5. HP: 20/42 MP: 5/5
  2603 | D:3      | Noticed Natasha
  2616 | D:3      | Killed Natasha
  2617 | D:3      | Reached skill level 3 in Unarmed Combat
  2634 | D:3      | Noticed Natasha
  2641 | D:3      | Killed Natasha
  3121 | D:3      | Noticed Natasha
  3129 | D:3      | Killed Natasha
  3383 | D:4      | Reached XP level 6. HP: 39/48 MP: 6/6
  3454 | D:4      | Found a shimmering altar of Xom.
  3708 | D:4      | Reached skill level 4 in Unarmed Combat
  3708 | D:4      | Found a snail-covered altar of Cheibriados.
  3940 | D:4      | Found a staircase to the Ecumenical Temple.
  3955 | D:4      | Gained mutation: You are partially covered in sharp spines.
                  | [demonic ancestry]
  3955 | D:4      | Reached XP level 7. HP: 20/55 MP: 7/7
  3961 | Temple   | Entered the Ecumenical Temple
  4243 | Temple   | Became a worshipper of Warmaster Okawaru
  4632 | D:4      | Found a hazy altar of Hepliaklqana.
  4921 | D:5      | Entered Level 5 of the Dungeon
  4962 | D:5      | Reached skill level 5 in Fighting
  5018 | D:5      | Reached skill level 5 in Unarmed Combat
  5299 | D:5      | Reached * piety under Okawaru
  5336 | D:5      | Noticed a steam dragon
  5339 | D:5      | Reached XP level 8. HP: 63/63 MP: 8/8
  5350 | D:5      | Reached skill level 5 in Armour
  5350 | D:5      | Reached skill level 6 in Unarmed Combat
  5938 | D:6      | Found a shadowy altar of Dithmenos.
  5965 | D:6      | Noticed Duvessa
  5965 | D:6      | Noticed Dowan
  5970 | D:6      | Killed Duvessa
  5976 | D:6      | Killed Dowan
  6178 | D:6      | Found a sand-covered staircase.
  6199 | D:6      | HP: 3/64 [poisoned by an orc]
  6202 | D:6      | HP: 1/64 [poisoned by an orc]
  6350 | Ossuary  | Entered an ossuary
  6462 | Ossuary  | Reached skill level 7 in Unarmed Combat
  6583 | Ossuary  | Reached ** piety under Okawaru
  6626 | Ossuary  | Gained mutation: You may rarely emit foul miasma when
                  | damaged in melee. [demonic ancestry]
  6626 | Ossuary  | Reached XP level 9. HP: 50/71 MP: 9/9
  6969 | Ossuary  | Reached skill level 1 in Invocations
  7451 | D:6      | Reached skill level 8 in Unarmed Combat
  8077 | D:7      | Reached *** piety under Okawaru
  8107 | D:7      | Noticed Menkaure
  8113 | D:7      | Killed Menkaure
  8566 | D:7      | Reached skill level 9 in Unarmed Combat
  8856 | D:7      | Reached skill level 5 in Invocations
  9191 | D:8      | Gained mutation: You have claws for hands. [demonic
                  | ancestry]
  9191 | D:8      | Reached XP level 10. HP: 77/80 MP: 13/13
  9459 | D:8      | Reached **** piety under Okawaru
 10411 | D:9      | Found a flagged portal.
 10443 | D:9      | Reached skill level 10 in Unarmed Combat
 10584 | Bailey   | Entered a bailey
 11173 | Bailey   | Noticed a two-headed ogre
 11187 | Bailey   | Killed a two-headed ogre
 11637 | Bailey   | Identified the +5 halberd "Ojobrejau" {vorpal, Drain rElec
                  | rF+++ rC++}
 11794 | D:9      | Reached XP level 11. HP: 89/89 MP: 16/16
 11798 | D:9      | Reached skill level 11 in Unarmed Combat
 12028 | D:9      | Noticed a two-headed ogre
 12059 | D:9      | Killed a two-headed ogre
 12059 | D:9      | Reached ***** piety under Okawaru
 13210 | D:10     | Entered Level 10 of the Dungeon
 13230 | D:10     | Found a staircase to the Orcish Mines.
 13285 | D:10     | Noticed Gastronok
 13304 | D:10     | Killed Gastronok
 13660 | D:10     | Noticed a necromancer
 13667 | D:10     | Killed a necromancer
 13670 | D:10     | Reached skill level 12 in Unarmed Combat
 13958 | D:10     | Reached skill level 10 in Fighting
 13961 | D:10     | Noticed Erica
 13979 | D:10     | Killed Erica
 13990 | D:10     | Reached skill level 10 in Invocations
 14119 | D:10     | Found a staircase to the Lair.
 14124 | D:10     | Identified the +1 robe "Gechuetz" {rC+} (Okawaru gifted it
                  | to you on level 10 of the Dungeon)
 14124 | D:10     | Received a gift from Okawaru
 14264 | D:10     | Noticed Grum
 14270 | D:10     | Killed Grum
 14772 | Orc:1    | Entered Level 1 of the Orcish Mines
 15061 | Orc:1    | Reached XP level 12. HP: 55/98 MP: 19/19
 15540 | Orc:2    | Entered Level 2 of the Orcish Mines
 16046 | Orc:2    | Reached skill level 13 in Unarmed Combat
 17061 | Orc:2    | Found Deanigigh's Antique Weapon Boutique.
 17061 | Orc:2    | Found Naohudgh's Magic Scroll Emporium.
 17750 | Orc:2    | Found a staircase to the Elven Halls.
 18239 | Orc:2    | Found Lymud's Weapon Boutique.
 18239 | Orc:2    | Found Lasucrerch's General Store.
 18383 | Orc:2    | Found a runed translucent gate.
 18383 | Orc:2    | Found a runed translucent gate.
 18394 | Orc:2    | Found an opulent altar of Gozag.
 18395 | Orc:2    | Found a runed translucent gate.
 18398 | Orc:2    | Found Legi's Assorted Antiques.
 18398 | Orc:2    | Noticed fragbeetle's ghost (adept DrTm)
 18635 | Orc:2    | Bought a scroll of identify for 32 gold pieces
 18635 | Orc:2    | Bought a scroll of enchant armour for 120 gold pieces
 18635 | Orc:2    | Bought a scroll of identify for 32 gold pieces
 18635 | Orc:2    | Bought a scroll of identify for 32 gold pieces
 18667 | Orc:2    | Bought a potion of cancellation for 96 gold pieces
 18667 | Orc:2    | Bought a scroll of immolation for 42 gold pieces
 18771 | D:11     | Noticed a two-headed ogre
 18774 | D:11     | Killed a two-headed ogre
 18803 | D:11     | Reached ****** piety under Okawaru
 19265 | D:11     | Noticed a two-headed ogre
 19275 | D:11     | Killed a two-headed ogre
 19276 | D:11     | Reached skill level 14 in Unarmed Combat
 19438 | D:11     | Found Raxtih's Jewellery Boutique.
 19603 | D:12     | Noticed a two-headed ogre
 19627 | D:11     | Killed a two-headed ogre
 19627 | D:11     | Identified the +3 plate armour of the Saviour {Int+2}
                  | (Okawaru gifted it to you on level 11 of the Dungeon)
 19627 | D:11     | Received a gift from Okawaru
 19748 | Lair:1   | Entered Level 1 of the Lair of Beasts
 19755 | Lair:1   | Gained mutation: You sometimes emit foul miasma when
                  | damaged in melee. [demonic ancestry]
 19755 | Lair:1   | Reached XP level 13. HP: 87/106 MP: 20/20
 20362 | Lair:1   | Noticed Sonja
 20413 | Lair:1   | Killed Sonja
 21976 | Lair:2   | Reached skill level 15 in Unarmed Combat
 22386 | Lair:2   | Found a staircase to the Swamp.
 22916 | Lair:3   | Identified the +2 hat "Wadux" {rElec Str+2} (Okawaru gifted
                  | it to you on level 3 of the Lair of Beasts)
 22916 | Lair:3   | Received a gift from Okawaru
 23724 | Lair:3   | Noticed Rupert
 23733 | Lair:3   | Killed Rupert
 23734 | Lair:3   | Gained mutation: When seriously injured, your blood forms
                  | very thick armour. (AC +12) [demonic ancestry]
 23734 | Lair:3   | Reached XP level 14. HP: 116/116 MP: 14/21
 24044 | Lair:3   | Identified a scroll of acquirement
 24045 | Lair:3   | Acquired a manual of Fighting
 24470 | Lair:3   | Reached skill level 16 in Unarmed Combat
 25229 | Lair:4   | Found a staircase to the Snake Pit.
 25567 | Lair:5   | Received a gift from Okawaru
 25953 | Lair:5   | Noticed Nessos
 25964 | Lair:5   | Killed Nessos
 26771 | Lair:6   | Entered Level 6 of the Lair of Beasts
 26771 | Lair:6   | Noticed Josephine
 27215 | Lair:5   | Reached skill level 10 in Armour
 27410 | Lair:5   | Killed Josephine
 27628 | Lair:5   | HP: 6/120 [poisoned by a cane toad]
 29054 | Lair:6   | Received a gift from Okawaru
 29139 | Lair:6   | Reached skill level 17 in Unarmed Combat
 29445 | Lair:6   | Found a runed translucent door.
 29843 | Lair:6   | Paralysed by a hornet for 1 turns
 30331 | Lair:6   | Found a runed translucent door.
 30332 | Lair:6   | Found a viscous altar of Jiyva.
 30332 | Lair:6   | Found a staircase to the Slime Pits.
 31037 | D:12     | Gained mutation: You frequently emit foul miasma when
                  | damaged in melee. [demonic ancestry]
 31037 | D:12     | Reached XP level 15. HP: 106/127 MP: 22/22
 31043 | D:12     | Reached skill level 15 in Fighting
 31590 | D:13     | Found a gate leading to a gauntlet.
 31605 | Gauntlet | Entered a Gauntlet
 31605 | Gauntlet | Found a transporter.
 31647 | Gauntlet | Found a transporter.
 31663 | Gauntlet | Found a transporter.
 31667 | Gauntlet | Found a transporter.
 31669 | Gauntlet | Found a large runed translucent door.
 31670 | Gauntlet | Found a large runed translucent door.
 31671 | Gauntlet | Found a large runed translucent door.
 31671 | Gauntlet | Found a large runed translucent door.
 31671 | Gauntlet | Found a runed translucent door.
 31672 | Gauntlet | Found a large runed translucent door.
 31673 | Gauntlet | Found a large runed translucent door.
 31674 | Gauntlet | Found a large runed translucent door.
 31674 | Gauntlet | Found a large runed translucent door.
 31675 | Gauntlet | Found a runed translucent gate.
 31685 | Gauntlet | Found a transporter.
 31685 | Gauntlet | Found a runed translucent gate.
 31686 | Gauntlet | Found a runed translucent gate.
 31687 | Gauntlet | Found a large runed translucent door.
 31687 | Gauntlet | Found a large runed translucent door.
 31688 | Gauntlet | Found a large runed translucent door.
 31689 | Gauntlet | Found a large runed translucent door.
 31698 | Gauntlet | Found a transporter.
 31711 | Gauntlet | Found a transporter.
 31733 | Gauntlet | Found a transporter.
 31735 | Gauntlet | Found a transporter.
 31737 | Gauntlet | Found a runed translucent gate.
 31737 | Gauntlet | Found a runed translucent gate.
 31737 | Gauntlet | Found a runed translucent gate.
 31743 | Gauntlet | Found a transporter.
 31770 | Gauntlet | Found a transporter.
 31787 | Gauntlet | Found a large runed translucent door.
 31788 | Gauntlet | Found a large runed translucent door.
 31790 | Gauntlet | Found a runed translucent door.
 31790 | Gauntlet | Found a large runed translucent door.
 31791 | Gauntlet | Found a large runed translucent door.
 31796 | Gauntlet | Found a transporter.
 31841 | Gauntlet | Paralysed by you for 4 turns
 31848 | Gauntlet | Identified the amulet "Ydipn" {Spirit rN++}
 31902 | Gauntlet | Identified the +5 battleaxe "Jawes" {protect, rF+ Str-2
                  | Dex+6}
 31926 | Gauntlet | Identified the +2 ring mail of Cara {rN++}
 32134 | D:13     | Identified the +5 falchion of Discord {drain, rC+ Dex+4}
                  | (Okawaru gifted it to you on level 13 of the Dungeon)
 32134 | D:13     | Received a gift from Okawaru
 32900 | D:14     | Found a gate to the Vaults.
 32928 | D:14     | Found a flickering gateway to a bazaar.
 32934 | Bazaar   | Entered a bazaar
 32934 | Bazaar   | Found Doacumef's Book Emporium.
 32934 | Bazaar   | Found Juino's Weapon Shoppe.
 32934 | Bazaar   | Found Toniremn's Jewellery Emporium.
 32934 | Bazaar   | Found Ocloudir's Distillery.
 33086 | Bazaar   | Bought a potion of curing for 33 gold pieces
 33086 | Bazaar   | Bought a potion of haste for 110 gold pieces
 33086 | Bazaar   | Bought a potion of ambrosia for 88 gold pieces
 33135 | D:14     | Reached skill level 18 in Unarmed Combat
 33739 | D:14     | Found a runed translucent gate.
 33739 | D:14     | Found a runed translucent gate.
 33739 | D:14     | Found a runed translucent gate.
 33742 | D:14     | Noticed HallandMoats's ghost (journeyman DsFi)
 33742 | D:14     | Noticed a rockslime
 33746 | D:14     | Found a viscous altar of Jiyva.
 33751 | D:14     | You fall into a shaft and drop 1 floor!
 33751 | D:15     | Entered Level 15 of the Dungeon
 33891 | D:15     | Identified the +7 flail of Conservatism {flame, rC- Dex+3
                  | SInv} (Okawaru gifted it to you on level 15 of the Dungeon)
 33891 | D:15     | Received a gift from Okawaru
 34305 | D:14     | Got the Collected Works on the Oath
 34677 | D:15     | Noticed flotson's ghost (journeyman DsGl)
 34702 | D:15     | Found a runed translucent gate.
 34702 | D:15     | Found a runed translucent gate.
 34702 | D:15     | Found a runed translucent gate.
 34971 | D:15     | Found a staircase to the Depths.
 34972 | D:15     | Noticed a fire giant
 34988 | D:15     | Killed a fire giant
 36353 | D:15     | Killed flotson's ghost
 36359 | D:15     | HP: 2/132 [centaur warrior/arrow (12)]
 36359 | D:15     | Shot with an arrow by a centaur warrior

Illustrated notes

Levels and vault maps discovered:
D:1:      denvon_arrival_hothouse, layout_loops_ring, serial_shops, shop,
          minmay_bisected
D:2:      layout_loops_ring, minmay_misc_feat_room
D:3:      layout_basic, uniq_natasha
D:4:      layout_loops_cross, grunt_temple_overflow_open,
          mainiacjoe_overflow_catch_the_wave, minmay_temple_entry_glass
D:5:      layout_rooms, st_stairs_5, fountainhead, grunt_ministairs_7
D:6:      layout_cave_pods, grunt_dithmenos_smoke_and_mirrors,
          lightli_ossuary_entry_decrepit_ruins, chequers_serial_rivers_micro_e,
          uniq_crazy_yiuf_cottage, uniq_duvessa
D:7:      layout_cave_pools, serial_undead, serial_undead_e, serial_undead_a,
          serial_undead_b, serial_undead_f, serial_undead_d, serial_undead_b,
          uniq_menkaure
D:8:      layout_basic, grunt_decor_cap, chequers_garden,
          grunt_decor_resistance, lemuel_old_faithful
D:9:      layout_long_grid, enter_bailey_6, grunt_ministairs_3, hive_lemuel
D:10:     layout_basic, minmay_lair_entry_grove, david_orc_3,
          eino_house_with_fridge, uniq_gastronok, uniq_erica, uniq_grum
D:11:     layout_long_grid, serial_shops, nicolae_stop_n_shop_1, chequers_avenue
D:12:     layout_roguey
D:13:     layout_irregular_city, gauntlet_entry_generic
D:14:     layout_irregular_city, lightli_vaults_fourway_checkpoint,
          small_statue_intersection, gammafunk_ghost_ooze, serial_shops,
          bzr_entry_safe, hangedman_glass_garden
D:15:     grunt_enter_depths_giant_problem, layout_stronghold,
          maelrawn_ghost_gauntlet_escape, minmay_misc_feat_pillars
Temple:   lightli_temple_of_artemis
Lair:1:   layout_hall_layers, beast_lair_carwin_1, grunt_megastairs_1,
          uniq_sonja
Lair:2:   layout_chaotic_city, minmay_swamp_entry_wisps, lemuel_fruit_fields,
          grunt_megastairs_2, infiniplex_staircase_pool
Lair:3:   layout_chaotic_city, serial_bayou_lake_a, uniq_rupert
Lair:4:   layout_misc_corridors, guppyfry_snake_entry_garden, lemuel_fruit_tree,
          serial_bayou_shore_a, lemuel_fruit_fields
Lair:5:   layout_regular_city, nicolae_quartered_pool_little,
          grunt_megastairs_5, uniq_nessos
Lair:6:   wormcave, layout_misc_corridors, slime_altar_2,
          grunt_forest_large_clearings, uniq_josephine
Orc:1:    layout_caves
Orc:2:    st_orc_town, layout_caves, ebering_ghost_gozag

Skill      XL: |  1  2  3  4  5  6  7  8  9 10 11 12 13 14 15 |
---------------+----------------------------------------------+-----
Maces & Flails | 2 |  2.0
Unarmed Combat | 1 2 3 4 5 7 9 10 12 14 15 17 18 | 18.4
Armour         | 3 4 5 6 7 9 10 11 | 11.7
Fighting       | 4 5 6 7 9 10 11 12 14 16 | 16.5
Invocations    | 5 7 10 | 10.2
Shields        | |  2.8

Action                   |  1- 3 |  4- 6 |  7- 9 | 10-12 | 13-15 || total
-------------------------+-------+-------+-------+-------+-------++-------
Melee: Flail             |    99 |    84 |       |       |       ||   183
       Unarmed           |       |    96 |   357 |   635 |   992 ||  2080
       Scimitar          |       |       |       |       |     9 ||     9
Invok: Heroism           |       |       |     4 |     9 |    11 ||    24
       Finesse           |       |       |       |     4 |     2 ||     6
  Use: Potion            |     1 |       |     1 |     2 |     7 ||    11
       Scroll            |       |       |     9 |     8 |    10 ||    27
 Stab: Invisible         |       |       |       |       |     5 ||     5
Armor: Scale mail        |    50 |    69 |   124 |   110 |       ||   353
       Plate armour      |       |       |       |   126 |   665 ||   791
Dodge: Dodged            |    46 |    79 |   106 |   142 |   291 ||   664
Block: Buckler           |    19 |    53 |    75 |   137 |   218 ||   502

Table legend: (Time is in decaauts)
 A = Elapsed time spent in this place.
 B = Non-inter-level travel time spent in this place.
 C = Inter-level travel time spent in this place.
 D = Time resting spent in this place.
 E = Time spent auto-exploring this place.
 F = Levels seen in this place.
 G = Mean time per level.
                   A        B        C        D        E       F      G
               +--------+--------+--------+--------+--------+-----+--------+
         Total |  36180 |  35010 |   1170 |  15365 |  13329 |  28 | 1292.1 |
       Dungeon |  19074 |  18492 |    582 |   6541 |   8760 |  15 | 1271.6 |
        Temple |    307 |    282 |     25 |    187 |     81 |   1 |  307.0 |
          Lair |  10961 |  10645 |    316 |   5638 |   3383 |   6 | 1826.8 |
  Orcish Mines |   3477 |   3232 |    245 |   1729 |    771 |   2 | 1738.5 |
        Bazaar |    159 |    159 |      0 |    128 |      0 |   1 |  159.0 |
       Ossuary |    708 |    708 |      0 |    315 |    168 |   1 |  708.0 |
        Bailey |   1099 |   1099 |      0 |    779 |      0 |   1 | 1099.0 |
      Gauntlet |    392 |    392 |      0 |     47 |    165 |   1 |  392.0 |
               +--------+--------+--------+--------+--------+-----+--------+

Top non-repeatable levels by time:
  Lair:5: 3128 daAuts
   Orc:2: 2926 daAuts
    D:15: 2129 daAuts
    D:10: 2035 daAuts
  Lair:6: 2015 daAuts
  Lair:3: 1977 daAuts
  Lair:1: 1945 daAuts
     D:9: 1767 daAuts
     D:6: 1685 daAuts
     D:3: 1445 daAuts
     D:8: 1303 daAuts
     D:2: 1210 daAuts
  Lair:2: 1172 daAuts
    D:14: 1160 daAuts
     D:4: 1113 daAuts
